 Dungeon Crawl Stone Soup version 0.30-a0-937-ga0a21ad780 (webtiles) character file.

Game seed: 11171032285102805982

175 MachoJfn the Magician (level 5, -1/35 HPs)
             Began as a Djinni Ice Elementalist on Mar 24, 2023.
             Killed by divine providence
             ... invoked by an orc priest
              (13 damage)
             ... on level 4 of the Dungeon.
             The game lasted 00:17:32 (2775 turns).

MachoJfn the Magician (Djinni Ice Elementalist)     Turns: 2775, Time: 00:17:33

Health: -1/35      AC:  2    Str:  7    XL:     5   Next: 85%
Gold:   204        EV: 12    Int: 18    God:
                   SH:  0    Dex: 14

rFire   + + .      SeeInvis .    b - +2 spear
rCold   x . .      Faith    .    (no shield)
rNeg    . . .      Spirit   .    a - +0 robe
rPois   ∞          Reflect  .    (no helmet)
rElec   .          Rampage  .    (no cloak)
rCorr   .                        (no gloves)
Will    +....                    (boots unavailable)
Stlth   ++                       (no amulet)
HPRegen 0.25/turn                (no ring)
MPRegen 0.00/turn                (no ring)

@: flying
A: sickness immunity, fire resistance 2, cold vulnerability 1, float, innate
caster, HP casting, extra vitality 1, strong-willed 1, MP-powered wands
a: no special abilities


You were on level 4 of the Dungeon.
You visited 1 branch of the dungeon, and saw 4 of its levels.

You collected 204 gold pieces.

Inventory:

Hand Weapons
 b - a +2 spear (weapon)
Missiles
 c - 14 poisoned darts (quivered)
 e - 39 stones
 n - 6 atropa-tipped darts
Armour
 a - a +0 robe (worn)
Scrolls
 i - 2 scrolls of amnesia
Potions
 f - a potion of degeneration
 j - a potion of curing
 l - a potion of might {unknown}
 m - a potion of attraction
 p - a potion of resistance {unknown}


   Skills:
 + Level 0.1 Fighting
 + Level 0.8 Polearms
 + Level 2.3 Dodging
 + Level 2.2 Stealth
 + Level 4.8 Spellcasting


You knew the following spells:

 Your Spells              Type           Power      Damage    Failure   Level
a - Freeze                Ice            84%        1d9       1%          1
b - Frozen Ramparts       Ice            42%        1d7       5%          3
c - Ozocubu's Armour      Ice            21%        N/A       5%          3
d - Summon Ice Beast      Ice/Summ       21%        N/A       19%         4
e - Sandblast             Erth           42%        2d11      1%          1
f - Static Discharge      Conj/Air       42%        2-4/arc   2%          2
Your spell library was empty.

Dungeon Overview and Level Annotations

Branches:
Dungeon (4/15)
 Temple: D:4-7

Altars:
Gozag
Makhleb

Annotations:
D:4 2 transporters, Brisketman's ghost, amateur SpBr


Innate Abilities, Weirdness & Mutations

You are immune to sickness and miasma.
You are immune to poison.
Your flesh is very heat resistant. (rF++)
You are vulnerable to cold. (rC-)
You float through the air rather than walking.
You learn spells naturally, not from books.
Your magical power is your life essence.
You have superior vitality. (+4 MHP)
You are strong-willed. (Will+)
You expend health (3 HP) to strengthen your wands.


Message History

You're too confused to cast spells.
Unknown command.
You're too confused to cast spells.
You are more confused.
The orc priest calls down the wrath of Beogh upon you.
Beogh smites you!
A magic dart appears from out of thin air!
The magic dart hits you!
* * * LOW HITPOINT WARNING * * *
You feel better.
The orc priest mumbles some strange prayers to Beogh against you.
Pain shoots through your body!
* * * LOW HITPOINT WARNING * * *
It was a potion of mutation.
You feel extremely strange.
You feel your magical essence link to the dungeon's wands.
You feel strong-willed.
You feel better.
The orc priest mumbles some strange prayers to Beogh against you.
You resist with some effort.
The orc priest mumbles some strange prayers to Beogh against you.
You resist with some effort.
Casting: Sandblast (safe; 1% risk of failure)
Confirm with . or Enter, or press ? or * to list all spells.
Aiming: Sandblast (safe; 1% risk of failure)
Press: ? - help, Shift-Dir - straight line, f - orc priest
Aim: an orc priest, wielding a +0 dagger and wearing a +0 leather armour (83% to hit)
The blast of sand hits the orc priest.
The orc priest is lightly wounded.
The orc priest begins to cast a cantrip, but forgets the words!
Casting: Sandblast (safe; 1% risk of failure)
Confirm with . or Enter, or press ? or * to list all spells.
Aiming: Sandblast (safe; 1% risk of failure)
Press: ? - help, Shift-Dir - straight line, f/p - orc priest
Aim: an orc priest, wielding a +0 dagger and wearing a +0 leather armour (lightly wounded, 83% to hit)
The blast of sand hits the orc priest but does no damage.
The orc priest is lightly wounded.
You hear the slow rusting of a very distant drain.
The orc priest mumbles some strange prayers to Beogh against you.
Beogh smites you!
You die...

#.#.###### ........
######### .......#
#........ ......#
#........ # .$...#
#........ #. ..#.#
####........ #..
#.#.###........... ....
#@#..##)#.........
.....#.......#.........
......o...............##
...>.........©.........+
#......#############..##
#......#....!.....©#....
#......#...........#...#
.......#..##...##..#....
#####..#..#8...8#..#....


You could see an orc priest.

Vanquished Creatures
  A hound (D:3)
  Jessica (D:3)
  5 adders
  A worm (D:2)
  2 dart slugs
  2 orcs
  8 ball pythons
  8 endoplasms
  2 giant cockroaches (D:1)
  6 goblins
  5 hobgoblins
  3 jackals (D:3)
  4 quokkas (D:2)
  A bat (D:3)
  3 frilled lizards (D:1)
  5 kobolds
  11 rats
68 creatures vanquished.

Notes
Turn   | Place    | Note
-------+----------+-------------------------------------------
     0 | D:1      | MachoJfn the Djinni Ice Elementalist began the quest for
                  | the Orb.
     0 | D:1      | MachoJfn set off with the following spells memorised:
                  | Freeze, Frozen Ramparts, Ozocubu's Armour, Summon Ice
                  | Beast.
     0 | D:1      | Reached XP level 1. HP: 15/15 MP: 0/0
    61 | D:1      | Reached XP level 2. HP: 13/21 MP: 0/0
   436 | D:1      | Reached XP level 3. HP: 24/25 MP: 0/0
   436 | D:1      | Learned a level 1 spell: Sandblast
   981 | D:2      | Reached skill level 4 in Spellcasting
  1028 | D:2      | Reached XP level 4. HP: 29/31 MP: 0/0
  1472 | D:2      | Found a burning altar of Makhleb.
  2054 | D:3      | Reached XP level 5. HP: 32/35 MP: 0/0
  2054 | D:3      | Learned a level 2 spell: Static Discharge
  2144 | D:3      | Found an opulent altar of Gozag.
  2422 | D:3      | Noticed Jessica
  2426 | D:3      | Killed Jessica
  2748 | D:4      | Found a transporter.
  2751 | D:4      | Noticed Brisketman's ghost (amateur SpBr)
  2752 | D:4      | Found a transporter.
  2771 | D:4      | Gained mutation: You expend health (3 HP) to strengthen
                  | your wands. [potion of mutation]
  2771 | D:4      | Gained mutation: You are strong-willed. (Will+) [potion of
                  | mutation]
  2775 | D:4      | Killed from afar by an orc priest

Illustrated notes

Levels and vault maps discovered:
D:1:      minmay_arrival_loop, layout_loops_ring
D:2:      layout_loops_cross, basic_altar, minmay_3d_cube
D:3:      layout_basic, nicolae_gozag_seed_capital, serial_co_window_serial,
          co_window_of_opportunity_a, co_window_corner_a, co_window_corner_a,
          co_window_paths_a, co_window_paths_a, co_window_paths_b,
          co_window_paths_a, co_window_corner_a, co_window_corner_a,
          co_window_cross_2, co_window_corner_b, co_window_broadway_c,
          co_window_of_opportunity_c, co_window_2corner, co_window_broadway_b,
          co_window_2corner, glass_columns_c, glass_columns_a, glass_columns_c,
          glass_columns_a, glass_columns_b, kennysheep_generic_room_15,
          uniq_jessica
D:4:      layout_basic, jmf_multi_god_temple2, minitemple,
          gammafunk_ghost_mausoleum, gup_sewer_entry_glass,
          minmay_misc_feat_chi, hangedman_minor_gate_pass, uniq_eustachio

Skill      XL: |  1  2  3 |
---------------+----------+-----
Spellcasting   | 4 |  4.8
Stealth        | 2 |  2.2
Fighting       | |  0.1
Polearms       | |  0.8
Dodging        | |  2.3

Action                     |  1- 3 |  4- 6 || total
---------------------------+-------+-------++-------
  Melee: Unarmed           |     3 |       ||     3
         Spear             |    15 |     6 ||    21
   Cast: Freeze            |    23 |     7 ||    30
         Sandblast         |     9 |    53 ||    62
         Static Discharge  |       |     2 ||     2
    Use: Potion            |     2 |     3 ||     5
         Scroll            |     2 |     7 ||     9
   Stab: Sleeping          |     3 |     1 ||     4
 Armour: Robe              |     4 |     4 ||     8
  Dodge: Dodged            |    16 |    15 ||    31

Table legend: (Time is in decaauts)
 A = Elapsed time spent in this place.
 B = Non-inter-level travel time spent in this place.
 C = Inter-level travel time spent in this place.
 D = Time resting spent in this place.
 E = Time spent auto-exploring this place.
 F = Levels seen in this place.
 G = Mean time per level.
                   A        B        C        D        E       F      G
               +--------+--------+--------+--------+--------+-----+--------+
         Total |   2807 |   2417 |    390 |    150 |   1857 |   4 |  701.8 |
       Dungeon |   2807 |   2417 |    390 |    150 |   1857 |   4 |  701.8 |
               +--------+--------+--------+--------+--------+-----+--------+

Top non-repeatable levels by time:
     D:3: 983 daAuts
     D:1: 959 daAuts
     D:2: 815 daAuts
     D:4: 49 daAuts
